 Dungeon Crawl Stone Soup version 0.30.0-20-g3615ddf2f0 (webtiles) character file.

Game seed: 16436774663918508310

251 qw the Chopper (level 6, -14/38 HPs)
             Began as a Gargoyle Fighter on May 29, 2023.
             Was an Initiate of Okawaru.
             Demolished by an ogre
             ... wielding a +0 giant club
              (21 damage)
             ... on level 4 of the Dungeon.
             The game lasted 00:01:15 (2320 turns).

qw the Chopper (Gargoyle Fighter)                   Turns: 2320, Time: 00:01:16

Health: -14/38     AC: 14    Str: 22    XL:     6   Next: 13%
Magic:  6/6        EV:  8    Int:  8    God:    Okawaru [......]
Gold:   107        SH:  4    Dex:  9    Spells: 5/5 levels left

rFire   . . .        h - +0 broad axe
rCold   . . .        c - +0 buckler
rNeg    + . .        f - +0 chain mail
rPois   inf          (no helmet)
rElec   +            (no cloak)
rCorr   .            (no gloves)
SInv    .            e - +0 pair of boots
Will    .....        (no amulet) Stlth
                     (no ring)
HPRegen 0.26/turn    (no ring)
MPRegen 0.10/turn

%: no passive effects
@: no status effects
A: sickness immunity, AC +4, negative energy resistance 1, electricity
resistance, torment resistance 1, petrification resistance
a: Renounce Religion


You were on level 4 of the Dungeon.
You worshipped Okawaru.
Okawaru was noncommittal.
You visited 2 branches of the dungeon, and saw 6 of its levels.

You collected 191 gold pieces.
You spent 84 gold pieces at shops.


Innate Abilities, Weirdness & Mutations

You are immune to sickness and miasma.
Your stone body is resilient. (AC +4)
You are immune to poison.
You resist negative energy. (rN+)
You are resistant to electric shocks. (rElec)
You are resistant to unholy torment.
You are immune to petrification.


   Skills:
 + Level 3.8 Fighting
 - Level 5.2 Axes
 - Level 1.0 Throwing
 - Level 3.2 Armour
 - Level 3.2 Shields


You had 5 spell levels left.
You didn't know any spells.
Your spell library was empty.

Inventory:

Hand Weapons
 a - a +0 flail
 h - a +0 broad axe (weapon)
Armour
 b - a +0 helmet
 c - a +0 buckler (worn)
 e - a +0 pair of boots (worn)
 f - a +0 chain mail (worn)
Scrolls
 g - 2 scrolls of identify
Potions
 d - 3 potions of might
 j - a potion of haste

Dungeon Overview and Level Annotations

Branches:
Dungeon (5/15)             Temple (1/1) D:4

Altars:
Cheibriados
Elyvilon
Gozag
Hepliaklqana
Makhleb
Nemelex Xobeh
Okawaru
Ru
Sif Muna
Trog
Uskayaw
Wu Jian
Yredelemnul

Shops:
D:4 (

Annotations:
D:3 2 runed translucent doors, qw's ghost, amateur GrFi


Message History

Enter note:
Enter note:
2311 ||| Stepping ~*~*~tactically~*~*~ (stealth).
You see here 7 gold pieces.
Enter note:
Enter note:
Enter note:
Enter note: The ogre shouts!
You slash the hound!
The hound is almost dead.
The hound bites you. The hound bites you but does no damage.
You closely miss the hound.
The hound is almost dead.
The hound bites you but does no damage. The hound barely misses you.
You barely miss the hound.
The hound is almost dead.
The hound bites you but does no damage. x2; The hound barely misses you.
You completely miss the hound.
The hound is almost dead.
You hit the ogre. You block the hound's attack. The ogre barely misses you.
The hound bites you but does no damage.
You slash the hound!
You kill the hound!
Okawaru accepts your kill.
You hit the ogre. The ogre barely misses you.
You have reached level 6!
You barely miss the ogre.
The ogre is moderately wounded.
The ogre hits you with a +0 giant club!
You slash the ogre!
The ogre is heavily wounded.
The ogre hits you with a +0 giant club!
You hit the ogre.
The ogre is severely wounded.
The ogre hits you with a +0 giant club!!
Ouch! That really hurt!
You die...

#...###.# ......... .......# ...
)...###.# ......# ... #)......#
.....# .. #...###.# ....#.. ....#
...#. .. #...###+# ... #+#+#.
...........# #%# #. #.#...
.)..#....O.#####@#####.##........
....+..........O............ ..#.
#...#.....######.#####.##..# #.#.
....#...###........# #.##..###.#.
....#...# #........# #.##........
#...#...# #........###...........
#.......# #####....#...##..#.###.
........##### #....#.....\.......
#.......'...# #............#.###.


You could see an ogre.

Vanquished Creatures
  A black bear (D:4)
  A hound (D:4)
  A gnoll bouda (D:4)
  An adder (D:2)
  3 gnolls (D:4)
  A worm (D:2)
  2 dart slugs
  An orc (D:4)
  7 endoplasms
  4 giant cockroaches
  4 goblins
  5 hobgoblins
  3 jackals (D:1)
  2 quokkas (D:1)
  3 ball pythons
  5 bats
  A frilled lizard (D:2)
  2 kobolds
  6 rats
53 creatures vanquished.

Notes
Turn   | Place    | Note
-------+----------+-------------------------------------------
     0 | D:1      | qw the Gargoyle Fighter began the quest for the Orb.
     0 | D:1      | Reached XP level 1. HP: 14/14 MP: 1/1
     0 | D:1      | 0 ||| qw: Version: 0.2-a-101-gf424e7f
     0 | D:1      | 0 ||| qw: Game counter: 362
     0 | D:1      | 0 ||| qw: Always use a shield: true
     0 | D:1      | 0 ||| qw: God list: Okawaru
     0 | D:1      | 0 ||| qw: Allow faded altars: false
     0 | D:1      | 0 ||| qw: Do Orc after D:15 true
     0 | D:1      | 0 ||| qw: Do second Lair branch before Depths: true
     0 | D:1      | 0 ||| qw: Lair rune preference: random
     0 | D:1      | 0 ||| qw: Plans: Normal, Zot:1-4, Slime:5, God:TSO, Crypt,
                  | Tomb, Pan, Hells, Abyss, Win
     0 | D:1      | 0 ||| PLANNING D:1-11
    10 | D:1      | Reached skill level 2 in Axes
    46 | D:1      | Reached XP level 2. HP: 19/19 MP: 2/2
   466 | D:1      | 466 ||| FLEEEEING.
   487 | D:1      | Reached skill level 3 in Axes
   511 | D:1      | Reached XP level 3. HP: 23/23 MP: 3/3
   738 | D:1      | 738 ||| UPGRADING to +0 pair of boots.
   743 | D:1      | 743 ||| READING scroll labelled GODIKOPLAF.
   744 | D:1      | 744 ||| READING scroll labelled ISIRAR QUNAUNI.
   745 | D:1      | 745 ||| READING scroll labelled XINAMEQEYS.
   746 | D:1      | 746 ||| READING scroll labelled IRUINY KIVY.
   747 | D:1      | 747 ||| READING scroll labelled PIFAPPIUNO.
   781 | D:2      | 781 ||| DROPPING +0 club.
  1049 | D:2      | Reached skill level 1 in Throwing
  1141 | D:2      | Identified the +3 leather armour of Pathos {Int+4}
  1402 | D:2      | Found an opulent altar of Gozag.
  1411 | D:2      | 1411 ||| DROPPING +3 leather armour of Pathos {Int+4}.
  1412 | D:2      | 1412 ||| DROPPING +6 ring of intelligence.
  1413 | D:2      | 1413 ||| READING scroll labelled TIENULL FIOJOC.
  1414 | D:2      | 1414 ||| READING scroll labelled SUHENT FITSU.
  1415 | D:2      | 1415 ||| READING 3 scrolls of identify.
  1415 | D:2      | 1415 ||| IDENTIFYING amethyst potion
  1416 | D:2      | 1416 ||| READING 2 scrolls of identify.
  1416 | D:2      | 1416 ||| IDENTIFYING clear potion
  1456 | D:3      | Found a runed translucent door.
  1541 | D:3      | Reached XP level 4. HP: 28/28 MP: 4/4
  1603 | D:3      | Found a runed translucent door.
  1608 | D:3      | Noticed qw's ghost (amateur GrFi)
  1697 | D:3      | You fall into a shaft and drop 2 floors!
  1697 | D:5      | Entered Level 5 of the Dungeon
  1713 | D:5      | 1713 ||| UPGRADING to +0 chain mail.
  1723 | D:5      | 1723 ||| DROPPING +0 scale mail.
  1724 | D:5      | 1724 ||| READING scroll labelled YWUDUO ARHOYRGH.
  1725 | D:5      | 1725 ||| READING scroll labelled DEIXZA VOPP.
  1726 | D:5      | 1726 ||| READING 2 scrolls of identify.
  1726 | D:5      | 1726 ||| IDENTIFYING purple potion
  1727 | D:5      | 1727 ||| DROPPING potion of berserk rage.
  1755 | D:4      | Reached skill level 4 in Axes
  1758 | D:4      | HP: 3/28 [gnoll/+0 spear[a gnoll bouda] (8)]
  1759 | D:4      | 1759 ||| DRINKING potion of heal wounds.
  1761 | D:4      | Reached XP level 5. HP: 32/32 MP: 5/5
  1822 | D:4      | 1822 ||| DROPPING +2 whip of pain.
  1827 | D:4      | Noticed a black bear
  1848 | D:4      | Killed a black bear
  1849 | D:4      | Reached skill level 5 in Axes
  1998 | D:4      | Found a staircase to the Ecumenical Temple.
  1999 | D:4      | 1999 ||| PLANNING TEMPLE
  1999 | D:4      | 1999 ||| READING scroll labelled XEUVOKK XAERPHI.
  2025 | Temple   | Entered the Ecumenical Temple
  2075 | Temple   | 2075 ||| PLANNING OKAWARU WORSHIP
  2242 | Temple   | Became a worshipper of Warmaster Okawaru
  2242 | Temple   | 2242 ||| PLANNING D:1-11
  2262 | D:4      | Found Nyakamp's Antique Weapon Shop.
  2275 | D:4      | 2275 ||| BUYING broad axe (84 gold).
  2275 | D:4      | Bought a broad axe for 84 gold pieces
  2275 | D:4      | 2275 ||| SWAPPING to +0 broad axe.
  2276 | D:4      | 2276 ||| DROPPING +0 war axe of protection.
  2310 | D:4      | 2310 ||| Stepping ~*~*~tactically~*~*~ (stealth).
  2310 | D:4      | Noticed an ogre
  2311 | D:4      | 2311 ||| Stepping ~*~*~tactically~*~*~ (stealth).
  2318 | D:4      | Reached XP level 6. HP: 34/38 MP: 6/6
  2319 | D:4      | HP: 7/38 [ogre/+0 giant club (12)]
  2320 | D:4      | Demolished by an ogre

Levels and vault maps discovered:
D:1:      dpeg_arrival_solitude, layout_loops_ring
D:2:      layout_basic, basic_altar
D:3:      layout_loops_ring, mainiacjoe_overflow_brackets,
          ebering_ghost_sewer_f, kennysheep_nub
D:4:      layout_basic, minmay_temple_entry_statues_fountains, serial_shops,
          shop
D:5:      kennysheep_steamy, layout_basic, tgw_fedhas,
          mainiacjoe_overflow_concentric_impassable,
          mainiacjoe_overflow_two_lobes, minivault_14, uniq_edmund,
          uniq_blork_the_orc, uniq_crazy_yiuf_cottage
Temple:   nicolae_temple_figure_eight

Skill      XL: |  1  2  3  4  5 |
---------------+----------------+-----
Axes           | 2 3 4 5 |  5.2
Throwing       | 1 |  1.0
Fighting       | |  3.8
Armour         | |  3.2
Shields        | |  3.2

Action                     |  1- 3 |  4- 6 || total
---------------------------+-------+-------++-------
  Melee: War axe           |   103 |    46 ||   149
         Broad axe         |       |     9 ||     9
  Throw: Javelin           |    23 |    13 ||    36
    Use: Scroll            |     9 |     4 ||    13
         Potion            |       |     1 ||     1
 Armour: Scale mail        |    60 |     2 ||    62
         Chain mail        |       |    63 ||    63
  Dodge: Dodged            |    59 |    37 ||    96
  Block: Buckler           |    19 |    11 ||    30

Table legend:
 A = Non-vault XP
 B = Vault XP
 C = Vault XP percentage of total XP
 D = Non-vault monster count
 E = Vault monster count
 F = Vault count percentage of total count
                 A         B        C        D         E       F
            +---------+---------+-------+---------+---------+-------
      Total |     359 |       0 |   0.0 |      53 |       0 |   0.0
            +---------+---------+-------+---------+---------+-------
        D:1 |      40 |       0 |   0.0 |      23 |       0 |   0.0
        D:2 |      36 |       0 |   0.0 |      13 |       0 |   0.0
        D:3 |      10 |       0 |   0.0 |       5 |       0 |   0.0
        D:4 |     273 |       0 |   0.0 |      12 |       0 |   0.0
            +---------+---------+-------+---------+---------+-------
